 Dungeon Crawl Stone Soup version 0.29.1-12-g30fa7ad0bf (webtiles) character file.

Game seed: 10809248905673016991

81991 Rrauwl the Warrior (level 15, -7/183 HPs)
             Began as an Ogre Abyssal Knight on Dec 22, 2022.
             Was the Champion of Lugonu.
             Mangled by a titan zombie (11 damage)
             ... on level 1 of the Abyss.
             The game lasted 01:13:16 (19429 turns).

Rrauwl the Warrior (Ogre Abyssal Knight)           Turns: 19429, Time: 01:13:16

Health: -7/183     AC: 16    Str: 24    XL:     15   Next: 72%
Magic:  21/21      EV: 15    Int:  6    God:    Lugonu [******]
Gold:   643        SH:  0    Dex: 21    Spells: 14/14 levels left

rFire   . . .      SeeInvis .   a - +3 giant spiked club (vamp)
rCold   . . .      Faith    .   (shield currently unavailable)
rNeg    . . .      Spirit   .   p - +0 steam dragon scales
rPois   .          Reflect  .   q - +2 hood of the Assassin {Detection Stab+ Stlth++}
rElec   .          Harm     .   O - +2 cloak {rCorr}
rCorr   +          Rampage  .   (gloves unavailable)
Will    +....                   (boots unavailable)
Stlth   ++++......              D - amulet of regeneration
HPRegen 0.00/turn               C - ring "Levalys" {Str+4 Dex+6}
MPRegen 0.17/turn               s - +4 ring of protection

@: mighty, inhibited regen, unable to read, unable to drink
A: large, unfitting armour, tough skin 1, agile 1, passive freeze, [dopey 2],
[screaming 1], [inhibited regeneration], [weak 2], [subdued magic 1], [inability
to drink after injury 1], [inability to read after injury 2]
a: Renounce Religion, Depart the Abyss, Bend Space, Banish, Corrupt, Enter the
Abyss, Brand Weapon With Distortion


You were on level 1 of the Abyss.
You worshipped Lugonu.
Lugonu was exalted by your worship.
You visited 2 branches of the dungeon, and saw 20 of its levels.
You visited the Abyss 2 times.
You also visited: Sewer and Ossuary.

You collected 1678 gold pieces.
You spent 1035 gold pieces at shops.

Inventory:

Hand Weapons
 a - a +3 vampiric giant spiked club (weapon)
 b - the +11 great mace of Taemn {chaos, rC++ rN+}
   (You subdued it on level 5 of the Lair of Beasts)

   Each time it hits an enemy it has a different, random effect.
   rC:        It greatly protects you from cold.
   rN:        It protects you from negative energy.
Missiles
 m - 3 curare-tipped darts
 G - 8 atropa-tipped darts (quivered)
 Q - 3 throwing nets
 R - 6 silver javelins
Armour
 p - +0 steam dragon scales (worn)
 q - the +2 hood of the Assassin (worn) {Detection Stab+ Stlth++}
   (You bought it in a shop on level 11 of the Dungeon)

   It allows the wearer to sense nearby creatures.
   It allows the wearer to make particularly effective stabbing attacks against
   helpless or unaware enemies with any weapon.
   Stlth:     It makes you much more stealthy.
 O - a +2 cloak of preservation (worn)
Jewellery
 g - a ring of see invisible
 i - a ring of willpower
 j - a ring of flight
 s - a +4 ring of protection (right hand)
 w - a +4 ring of protection
 y - a ring of protection from cold
 C - the ring "Levalys" (left hand) {Str+4 Dex+6}
   (You found it in a sewer)

   [ring of dexterity]

   Str:       It affects your strength (+4).
   Dex:       It affects your dexterity (+6).
 D - an amulet of regeneration (around neck)
Wands
 h - a wand of polymorph (21)
 x - a wand of light (8)
 z - a wand of digging (6)
 B - a wand of mindburst (5)
 F - a wand of charming (14)
 H - a wand of flame (25)
 I - a wand of iceblast (1)
Scrolls
 c - 25 scrolls of identify
 d - 2 scrolls of fog
 f - 3 scrolls of enchant armour
 n - a scroll of brand weapon
 t - 3 scrolls of silence
 u - 7 scrolls of fear
 v - 12 scrolls of teleportation
 E - 2 scrolls of magic mapping
 J - a scroll of blinking
Potions
 e - 7 potions of curing
 k - 4 potions of lignification
 l - 5 potions of flight
 r - 4 potions of haste
 A - a potion of might
 K - 2 potions of resistance
Miscellaneous
 o - a piece from Xom's chessboard (15/15)
 L - a box of beasts


   Skills:
 - Level 20.0 Fighting
 + Level 19.1 Maces & Flails
 - Level 4.0 Armour
 - Level 8.0 Dodging
 + Level 9.2 Invocations
 - Level 2.0 Evocations


You had 14 spell levels left.
You didn't know any spells.
Your spell library contained the following spells:

 Spells                   Type           Power      Damage    Failure   Level
 Foxfire                  Conj/Fire      0%         2x1d4     41%         1
 Ensorcelled Hibernation  Hex/Ice        0%         N/A       54%         2
 Call Canine Familiar     Summ           0%         N/A       80%         3
 Conjure Flame            Conj/Fire      0%         6-21      80%         3
 Gell's Gravitas          Tloc           0%         N/A       80%         3
 Ignite Poison            Fire/Tmut/Pois 0%         N/A       80%         3
 Inner Flame              Hex/Fire       0%         N/A       80%         3
 Lesser Beckoning         Tloc           0%         N/A       80%         3
 Portal Projectile        Hex/Tloc       0%         N/A       80%         3
 Spider Form              Tmut/Pois      0%         N/A       80%         3
 Teleport Other           Tloc           0%         N/A       80%         3
 Tukima's Dance           Hex            0%         N/A       80%         3
 Anguish                  Hex/Necr       0%         N/A       99%         4
 Animate Dead             Necr           0%         N/A       99%         4
 Cause Fear               Hex            0%         N/A       99%         4
 Corpse Rot               Necr/Pois/Air  0%         N/A       99%         4
 Dispel Undead            Necr           0%         3d6       99%         4
 Flame Wave               Conj/Fire      0%         2d4       99%         4
 Leda's Liquefaction      Hex/Erth       0%         N/A       99%         4
 Passage of Golubria      Tloc           0%         N/A       99%         4
 Summon Ice Beast         Ice/Summ       0%         N/A       99%         4
 Blade Hands              Tmut           0%         N/A       100%        5
 Borgnjor's Vile Clutch   Necr/Erth      0%         N/A       100%        5
 Freezing Cloud           Conj/Ice/Air   0%         6-21      100%        5
 Summon Forest            Summ/Tloc      0%         N/A       100%        5
 Summon Mana Viper        Hex/Summ       0%         N/A       100%        5
 Yara's Violent Unravell  Hex/Tmut       0%         3d3       100%        5
 Death Channel            Necr           0%         N/A       100%        6
 Simulacrum               Ice/Necr       0%         N/A       100%        6
 Summon Cactus Giant      Summ           0%         N/A       100%        6
 Dragon Form              Tmut           0%         N/A       100%        7
 Monstrous Menagerie      Summ           0%         N/A       100%        7
 Spellforged Servitor     Conj/Summ      0%         N/A       100%        7
 Dragon's Call            Summ           0%         N/A       100%        9
 Polar Vortex             Ice            0%         N/A       100%        9


Dungeon Overview and Level Annotations

Branches:
Dungeon (15/15)            Temple (0/1) D:5            Lair (5/5) D:9
  Swamp (0/4) Lair:3        Snake (0/4) Lair:2        Slime (0/5) Lair:4
    Orc (0/2) D:11         Vaults (0/5) D:13          Sewer (visited)
Ossuary (visited)
 Depths: D:15

Altars:
Dithmenos
Makhleb
Okawaru
Qazlal
Ru
Xom
Zin
The Shining One
Jiyva

Shops:
D:2 [   D:5 ?   D:8 [   D:11 [   D:15 [

Portals:
Trove: D:14 (give 4 scrolls of fog)

Annotations:
D:7 2 transporters, exclusion: oklob plant, ripuliukko's ghost, novice GrEE


Innate Abilities, Weirdness & Mutations

You are too large for most types of armour.
You have tough skin. (AC +1)
You are agile. (Dex +4, Str/Int -1)
A frigid envelope surrounds you and freezes all who hurt you.
[You are very dopey. (Int -4)]
[You occasionally shout uncontrollably at your foes.]
[You do not regenerate when monsters are visible.]
[You are very weak. (Str -4)]
[Your spells are a little easier to cast, but a little less powerful.]
[You occasionally lose the ability to drink potions when taking damage.]
[You sometimes lose the ability to read scrolls when taking damage.]


Message History

You destroy the tentacled starspawn!
The titan zombie hits you but does no damage.
The titan zombie resists.
The titan zombie is very cold.
The titan zombie is lightly damaged.
You hit the titan zombie.
The titan zombie is lightly damaged.
The titan zombie closely misses you.
You impale the titan zombie!!
The titan zombie is lightly damaged.
The titan zombie closely misses you.
You skewer the titan zombie like a kebab!!!
The titan zombie is moderately damaged.
You hit the titan zombie.
The titan zombie is heavily damaged.
The titan zombie hits you!!
You feel threatened and lose the ability to read scrolls!
You feel threatened and lose the ability to drink potions!
* * * LOW HITPOINT WARNING * * *
The titan zombie resists.
The titan zombie is very cold.
The titan zombie is heavily damaged.
You impale the titan zombie!!
The titan zombie is severely damaged.
The titan zombie barely misses you.
You hit the titan zombie.
The titan zombie is severely damaged.
You bludgeon the titan zombie!!
The titan zombie is severely damaged.
The titan zombie completely misses you.
You completely miss the titan zombie.
The titan zombie is severely damaged.
The titan zombie hits you but does no damage.
The titan zombie resists.
The titan zombie is very cold.
The titan zombie is severely damaged.
You thump the titan zombie!
The titan zombie is severely damaged.
You impale the titan zombie!!
The titan zombie is almost destroyed.
An Executioner comes into view.
The titan zombie hits you!
You die...

. ...# ....#
# #...#
##.#...#
#..#...#
#..'...####.
#........
#..†## # #
#.@.#
#..Z......
#.........
#.........
#...#.....
#......... ∆
##+#####..
.1


You could see an Executioner (wandering) and a titan zombie.

Vanquished Creatures
  4 tentacled starspawn (Abyss:1)
  The ghost of matvey144 the Bludgeoner, a journeyman MiFi of the Shining One (Lair:5)
  6 hydras
  3 boulder beetles
  4 vault guards (D:13)
  A merfolk avatar (Lair:5)
  Erica (D:11)
  2 catoblepae
  4 centaur warriors
  4 two-headed ogres
  8 death yaks
  A dancing weapon (Lair:5)
  3 wretched stars (Abyss:1)
  Amaemon (D:8)
  A sea snake (Lair:5)
  5 skeletal warriors (D:15)
  6 starcursed masses (Abyss:1)
  An anaconda zombie (Abyss:1)
  A sixfirhy (Abyss:1)
  A wizard (D:15)
  Pikel (D:8)
  2 harpies (Lair:5)
  2 deep elf pyromancers (D:14)
  2 ugly things
  4 manticores
  3 slime creatures (D:12)
  2 cyclopes (D:13)
  A worldbinder (Abyss:1)
  10 elephants
  5 black mambas
  A smoke demon (Abyss:1)
  A torpor snail (Lair:5)
  An orange demon (D:8)
  Maggie (D:8)
  An apocalypse crab (Abyss:1)
  A gargoyle (D:13)
  8 cane toads
  6 rime drakes
  2 demonic crawlers (Abyss:1)
  An unseen horror (D:11)
  3 kobold demonologists
  6 komodo dragons
  2 freezing wraiths (D:14)
  4 polar bears (Lair:5)
  An efreet (D:15)
  A hydra zombie (Abyss:1)
  4 trolls
  4 hornets
  A wind drake (Lair:5)
  23 blink frogs
  3 large abominations (Abyss:1)
  2 wraiths
  A shadow (D:12)
  4 wyverns
  2 vampires
  42 yaks
  A basilisk (Lair:2)
  2 steam dragons
  18 vampire mosquitoes
  3 nagas (Lair:2)
  3 swamp worms (Lair:3)
  3 acid dragons
  8 water moccasins
  3 orc warriors
  2 black bears (D:5)
  2 ice beasts
  7 wolves
  4 lemures (D:8)
  20 centaurs
  A phantom (D:7)
  A kobold brigand (D:10)
  A gnoll sergeant (D:6)
  4 necrophages
  8 bullfrogs
  16 scorpions
  2 small abominations (Abyss:1)
  15 wights
  5 killer bees
  5 howler monkeys
  4 electric eels
  A quasit (Abyss:1)
  A gnoll bouda (D:10)
  A human zombie (Ossuary)
  2 hounds (D:5)
  A jelly (Lair:4)
  2 iguanas
  8 scorpion zombies (Ossuary)
  6 orc wizards
  3 mummies (Ossuary)
  4 gnolls (D:6)
  8 adders
  A river rat (D:9)
  3 white imps (Abyss:1)
  An ufetubus (Abyss:1)
  2 worms
  3 dart slugs
  27 orcs
  16 endoplasms
  9 giant cockroaches
  6 goblins
  7 hobgoblins
  2 jackals (D:4)
  10 kobolds
  11 quokkas
  24 ball pythons
  6 bats
  10 frilled lizards
  2 gnoll zombies (Ossuary)
  2 hobgoblin zombies (Ossuary)
  3 kobold zombies (Ossuary)
  2 orc zombies (Ossuary)
  7 rats
  A starspawn tentacle (Abyss:1)
546 creatures vanquished.

Vanquished Creatures (others)
  10 fungi
  52 plants
  8 starspawn tentacles (Abyss:1)
70 creatures vanquished.

Grand Total: 616 creatures vanquished

Notes
Turn   | Place    | Note
-------+----------+-------------------------------------------
     0 | Abyss:1  | Rrauwl the Ogre Abyssal Knight began the quest for the Orb.
     0 | Abyss:1  | Reached XP level 1. HP: 24/24 MP: 2/2
    31 | Abyss:1  | Found a corrupted altar of Lugonu.
   111 | Abyss:1  | Noticed a large abomination
   112 | D:1      | Escaped the Abyss
   213 | D:1      | Reached XP level 2. HP: 24/32 MP: 3/3
   526 | D:1      | Reached ** piety under Lugonu
   873 | D:1      | Reached XP level 3. HP: 34/40 MP: 4/4
  1763 | D:2      | Reached XP level 4. HP: 49/49 MP: 5/5
  1901 | D:2      | Found Fomuss's Armour Shop.
  2075 | D:2      | Found a faded altar of an unknown god.
  2393 | D:3      | Reached skill level 5 in Fighting
  2442 | D:3      | Gained mutation: You are clumsy. (Dex -2) [potion of
                  | mutation]
  2442 | D:3      | Gained mutation: Your mind is acute. (Int +4, Str/Dex -1)
                  | [potion of mutation]
  2442 | D:3      | Gained mutation: [You occasionally shout uncontrollably at
                  | your foes.] [potion of mutation]
  2460 | D:3      | Reached *** piety under Lugonu
  2769 | D:3      | Found a glowing silver altar of Zin.
  2770 | D:3      | Noticed an angel
  3108 | D:4      | Noticed a necrophage
  3159 | D:4      | Killed a necrophage
  3160 | D:4      | Reached skill level 1 in Evocations
  3160 | D:4      | Reached XP level 5. HP: 36/58 MP: 6/6
  3350 | D:4      | Identified a scroll of acquirement
  3350 | D:4      | Acquired a manual of Fighting
  3382 | D:4      | Reached skill level 6 in Fighting
  3382 | D:4      | Reached XP level 6. HP: 61/68 MP: 7/7
  3472 | D:4      | Reached skill level 7 in Fighting
  3574 | D:4      | Found a sand-covered staircase.
  3579 | Ossuary  | Entered an ossuary
  3617 | Ossuary  | Reached skill level 8 in Fighting
  3755 | Ossuary  | Reached XP level 7. HP: 31/81 MP: 8/8
  4144 | Ossuary  | Reached skill level 9 in Fighting
  4231 | Ossuary  | Lost mutation: Your mind is acute. (Int +4, Str/Dex -1)
                  | [potion of mutation]
  4231 | Ossuary  | Lost mutation: You are clumsy. (Dex -2) [potion of
                  | mutation]
  4231 | Ossuary  | Lost mutation: [You occasionally shout uncontrollably at
                  | your foes.] [potion of mutation]
  4231 | Ossuary  | Gained mutation: You are agile. (Dex +4, Str/Int -1)
                  | [potion of mutation]
  4231 | Ossuary  | Gained mutation: A frigid envelope surrounds you and
                  | freezes all who hurt you. [potion of mutation]
  4259 | Ossuary  | Reached skill level 5 in Maces & Flails
  4307 | Ossuary  | Reached skill level 10 in Fighting
  4346 | Ossuary  | Reached XP level 8. HP: 91/96 MP: 9/9
  4377 | Ossuary  | Reached skill level 11 in Fighting
  4602 | Ossuary  | Reached **** piety under Lugonu
  4688 | Ossuary  | Reached skill level 12 in Fighting
  5172 | D:5      | Entered Level 5 of the Dungeon
  5235 | D:5      | Found a staircase to the Ecumenical Temple.
  5256 | D:5      | Reached skill level 13 in Fighting
  5314 | D:5      | Found a sacrificial altar of Ru.
  5669 | D:5      | Found Kisuh's Magic Scroll Boutique.
  5943 | D:6      | Reached XP level 9. HP: 97/111 MP: 10/10
  6025 | D:6      | Reached skill level 14 in Fighting
  6222 | D:6      | Found a glowing drain.
  6238 | Sewer    | Entered a sewer
  6484 | Sewer    | Reached ***** piety under Lugonu
  6524 | Sewer    | Identified the ring "Levalys" {Str+4 Dex+6}
  6586 | D:6      | Reached skill level 15 in Fighting
  7167 | D:7      | Noticed ripuliukko's ghost (novice GrEE)
  7167 | D:7      | Noticed a troll
  7206 | D:7      | Found a transporter.
  7209 | D:7      | Found a transporter.
  7315 | D:7      | Reached skill level 16 in Fighting
  7370 | D:7      | Noticed an oklob plant
  7374 | D:7      | Noticed a cyclops
  7531 | D:7      | Found a stormy altar of Qazlal.
  7969 | D:8      | Reached XP level 10. HP: 128/130 MP: 11/11
  7974 | D:8      | Reached skill level 17 in Fighting
  7982 | D:8      | Noticed Pikel
  8019 | D:8      | Killed Pikel
  8065 | D:8      | Found Cicwoegg's Armour Boutique.
  8085 | D:8      | Bought a +0 hat for 60 gold pieces
  8165 | D:8      | Noticed Maggie
  8175 | D:8      | Killed Maggie
  8294 | D:8      | Noticed Amaemon
  8295 | D:8      | Noticed an orange demon
  8301 | D:8      | Killed Amaemon
  8302 | D:8      | Reached skill level 18 in Fighting
  8306 | D:8      | Killed an orange demon
  8307 | D:8      | Reached skill level 10 in Maces & Flails
  8854 | D:9      | Noticed a two-headed ogre
  8862 | D:9      | Killed a two-headed ogre
  8894 | D:9      | Noticed a kobold demonologist
  8933 | D:9      | Reached XP level 11. HP: 121/141 MP: 13/13
  9105 | D:9      | Noticed a two-headed ogre
  9111 | D:9      | Killed a two-headed ogre
  9452 | D:9      | Noticed a death yak
  9544 | D:5      | Bought a scroll of fog for 52 gold pieces
  9544 | D:5      | Bought a scroll of vulnerability for 52 gold pieces
  9544 | D:5      | Bought a scroll of fear for 52 gold pieces
  9544 | D:5      | Bought a scroll of teleportation for 39 gold pieces
  9781 | D:9      | Noticed a death yak
  9782 | D:9      | Found a staircase to the Lair.
  9791 | D:9      | Killed a death yak
  9792 | D:9      | Reached skill level 5 in Dodging
  9792 | D:9      | Reached skill level 5 in Invocations
  9797 | D:9      | Killed a death yak
  9853 | D:9      | Noticed a death yak
  9864 | D:9      | Killed a death yak
 10045 | D:10     | Entered Level 10 of the Dungeon
 10204 | D:10     | Found a burning altar of Makhleb.
 10204 | D:10     | Noticed a blizzard demon
 10425 | D:10     | Got the Collected Works on Helpful Shapeshifting
 10520 | D:10     | Noticed a two-headed ogre
 10558 | D:10     | Killed a two-headed ogre
 10586 | D:10     | Noticed a two-headed ogre
 10600 | D:10     | Killed a two-headed ogre
 10690 | D:10     | Reached XP level 12. HP: 147/150 MP: 15/15
 10957 | Lair:1   | Entered Level 1 of the Lair of Beasts
 11001 | Lair:1   | Found a glowing golden altar of the Shining One.
 11325 | Lair:1   | You fall into a shaft and drop 1 floor!
 11325 | Lair:2   | Found a staircase to the Snake Pit.
 11394 | Lair:2   | Reached ****** piety under Lugonu
 11534 | Lair:2   | Noticed a five-headed hydra
 11541 | Lair:2   | Killed a five-headed hydra
 11850 | Lair:1   | Identified the +2 scale mail of the Moon {Str+6 Stlth-}
 12099 | Lair:1   | Acquired a +1 cloak of preservation
 12173 | Lair:2   | Reached skill level 1 in Armour
 12319 | Lair:2   | Reached XP level 13. HP: 141/158 MP: 16/16
 12643 | Lair:3   | Found a staircase to the Swamp.
 12796 | Lair:3   | Identified the +9 flail "Hydra's Funeral" {freeze, MP-9
                  | Str+9 Int+2 Stlth+}
 13737 | Lair:4   | Found a staircase to the Slime Pits.
 13738 | Lair:4   | Found a viscous altar of Jiyva.
 13835 | Lair:4   | Reached skill level 15 in Maces & Flails
 14324 | Lair:5   | Entered Level 5 of the Lair of Beasts
 14328 | Lair:5   | Found a runed translucent door.
 14687 | Lair:5   | Reached XP level 14. HP: 168/169 MP: 17/17
 14959 | Lair:5   | Found a shimmering altar of Xom.
 14959 | Lair:5   | Noticed matvey144's ghost (journeyman MiFi)
 14959 | Lair:5   | Identified the +11 great mace of Taemn {chaos, rC++ rN+}
 15636 | Lair:5   | Killed matvey144's ghost
 15787 | D:11     | Noticed Erica
 15791 | D:11     | Killed Erica
 15793 | D:11     | Found Odoev's Armour Shoppe.
 15829 | D:11     | Bought the +2 hood of the Assassin {Detection Stab+
                  | Stlth++} for 780 gold pieces
 15829 | D:11     | Found the +2 hood of the Assassin {Detection Stab+ Stlth++}
 16061 | D:11     | Found a staircase to the Orcish Mines.
 16676 | D:12     | Identified the +9 war axe of Sogadyicw {vorpal, rF++ Int+3}
 17170 | D:13     | Found a gate to the Vaults.
 17528 | D:13     | Reached XP level 15. HP: 179/179 MP: 18/20
 17561 | D:13     | You fall into a shaft and drop 1 floor!
 17871 | D:14     | Reached skill level 19 in Fighting
 17907 | D:14     | Found an iron altar of Okawaru.
 17959 | D:14     | Found a portal to a secret trove of treasure.
 18717 | D:15     | Entered Level 15 of the Dungeon
 18822 | D:15     | Found a shadowy altar of Dithmenos.
 18839 | D:15     | Found Toliahi's Antique Armour Boutique.
 19201 | Abyss:1  | Noticed a tentacled starspawn
 19206 | Abyss:1  | Killed a tentacled starspawn
 19225 | Abyss:1  | Noticed a tentacled starspawn
 19230 | Abyss:1  | Killed a tentacled starspawn
 19374 | Abyss:1  | Noticed a tentacled starspawn
 19381 | Abyss:1  | Killed a tentacled starspawn
 19391 | Abyss:1  | Noticed a tentacled starspawn
 19410 | Abyss:1  | Reached skill level 20 in Fighting
 19419 | Abyss:1  | Killed a tentacled starspawn
 19423 | Abyss:1  | HP: 4/183 [titan zombie (31)]
 19429 | Abyss:1  | Noticed an Executioner
 19429 | Abyss:1  | Mangled by a titan zombie

Illustrated notes

Levels and vault maps discovered:
D:1:      psy_arrival_spokes, layout_loops_ring
D:2:      minmay_general_purpose_star, layout_basic, serial_shops, shop,
          shapermc_ecumenical_altar_ellora
D:3:      layout_basic, zin_angel
D:4:      layout_rooms, nicolae_ossuary_entry_false_entrances
D:5:      layout_basic, kennysheep_mini_moat, minmay_temple_entry_slanted,
          serial_shops, nicolae_take_the_stairs
D:6:      nicolae_whirlpool, layout_loops_ring, cheibrodos_sewer_entry_sluice
D:7:      layout_loops_ring, kennysheep_little_box, nzn_ghost_randoct
D:8:      layout_loops_cross, serial_shops, nicolae_shop_hallway_plus,
          uniq_amaemon, uniq_maggie, uniq_pikel
D:9:      layout_basic, dpeg_lair_monsters
D:10:     wad_woods_structure_01, layout_basic, makhleb_altar_promises_db
D:11:     layout_roguey, orc_0_dummy, serial_shops, shop, uniq_erica
D:12:     layout_gridville, kennysheep_generic_room_3
D:13:     layout_loops_ring, lightli_vaults_fourway_checkpoint
D:14:     layout_cave_pods, enter_trove_0, okawaru_metal_pillars_3
D:15:     grunt_enter_depths_snipers, layout_basic, grunt_dithmenos_smoke,
          ebering_ghost_funeral_grove, serial_shops, nicolae_inconvenience_store
Lair:1:   wander_river, layout_regular_city, basic_altar, serial_bayou_pond_d
Lair:2:   layout_misc_corridors, guppyfry_snake_entry_garden,
          grunt_forest_small_clearing_treed, serial_bayou_shore_a,
          infiniplex_staircase_pool_2
Lair:3:   layout_gridlike, minmay_swamp_entry_swarm, worms_lemuel
Lair:4:   layout_gridlike, nicolae_slime_entry_slimehenge,
          eino_small_chamber_without_monster, serial_bayou_lake_a,
          serial_bayou_shore_b, lemuel_fruit_fields
Lair:5:   gammafunk_lair_ancient_temple, layout_layer_cave, ebering_ghost_xom,
          chequers_serial_rivers_large_a
Abyss:1:  base: Temple, minivault_19, base: Temple, base: D:15,
          kilobyte_mutagenic_chamber

Skill      XL: |  1  2  3  4  5  6  7  8  9 10 11 12 13 14 15 |
---------------+----------------------------------------------+-----
Maces & Flails | 2 3 4 5 7 8 10 11 14 16 18 19 | 19.1
Dodging        | 3 7 8 |  8.0
Fighting       | 5 6 8 10 13 16 18 20 | 20.0
Evocations     | 1 2 |  2.0
Invocations    | 3 5 6 9 |  9.2
Armour         | 2 4 |  4.0

Action                   |  1- 3 |  4- 6 |  7- 9 | 10-12 | 13-15 || total
-------------------------+-------+-------+-------+-------+-------++-------
Melee: Mace              |   115 |    16 |       |       |       ||   131
       Punch             |     3 |     3 |     4 |     5 |       ||    15
       Morningstar       |       |   130 |   224 |   330 |       ||   684
       Giant spiked club |       |       |       |    28 |   470 ||   498
       Flail             |       |       |       |       |     3 ||     3
       Great mace        |       |       |       |       |    95 ||    95
Throw: Dart              |       |     1 |     4 |    26 |     5 ||    36
       Throwing net      |       |       |       |     1 |       ||     1
Invok: Depart the Abyss  |     1 |       |       |       |       ||     1
       Enter the Abyss   |       |       |       |       |     1 ||     1
Evoke: Wand              |       |       |       |    11 |     3 ||    14
       Box of beasts     |       |       |       |       |     1 ||     1
  Use: Scroll            |     3 |     2 |     5 |    10 |     1 ||    21
       Potion            |     1 |    10 |     3 |     6 |     8 ||    28
 Stab: Sleeping          |       |     1 |     4 |       |     6 ||    11
       Held in net/web   |       |       |       |     1 |       ||     1
       Confused          |       |       |       |     1 |     1 ||     2
       Distracted        |       |       |       |       |     4 ||     4
       Petrified         |       |       |       |       |     1 ||     1
Armor: Robe              |    32 |    37 |    75 |     7 |       ||   151
       Steam dragon scal |       |       |       |    90 |   234 ||   324
Dodge: Dodged            |    65 |    82 |    87 |   200 |   399 ||   833
